cohdb
Replays
Latest Replays
All Replays
Popular Replays
Top Player Replays
Match Explorer
How It Works
Community
CoH3 Stats
Reddit
Sign in to upload your games and track your stats! →
Sign in with Steam
Match 40665802
Unlisted
Match 40665802
Overview
Messages
Build Orders
End
Royal Engineer Section
Construct Section Command Post
Dingo Light Scout Car
Infantry Section
Infantry Section
Construct Platoon Command Post
Selects Heavy Armor Battlegroup
Selects Rigorous Vehicle Training
Selects Forward Repair Assembly
Humber Armored Car
Unlock M3 Stuart Light Tanks
Grenade Package
6-pounder Anti-tank Gun Team
6-pounder Anti-tank Gun Team
M3 Stuart Light Tank
Light Vehicle Training
M3 Stuart Light Tank
Team Weapon Training
Infantry Training
Construct Company Command Post
CMP 15cwt Truck
Selects UNKNOWN (2162094)
Selects Light Vehicle Withdraw and Refit
Selects Radio Net
Selects Recon Artillery
Recon Artillery
Churchill IV Heavy Tank
Armored Vehicle Training
Churchill IV Heavy Tank
Recon Artillery
ChipFromSpace
Itty
Lunar
Husar
SIEPACZ
catareck
0
0
Comments
sign in to comment!
No comments posted yet!